 Dungeon Crawl Stone Soup version 0.17-a0-528-gc205fd0 (webtiles) character file.

56 GenKras the Conjurer (level 4, -2/30 HPs)
             Began as a Human Conjurer on Apr 12, 2015.
             Was an Initiate of Sif Muna.
             Slain by a hound (3 damage)
             ... on level 2 of the Dungeon.
             The game lasted 00:31:31 (2321 turns).

GenKras the Conjurer (Human Conjurer)               Turns: 2321, Time: 00:31:31

Health: -2/30      AC:  2    Str:  8    XL:     4   Next: 15%
Magic:  0/7        EV: 12    Int: 17    God:    Sif Muna [......]
Gold:   109        SH:  0    Dex: 13    Spells: 1 memorised, 6 levels left

rFire  . . .     SeeInvis .     r - -3 hunting sling (curse)
rCold  . . .     Clarity  .     a - +0 robe
rNeg   . . .     SustAb   .     (no shield)
rPois  .         Gourm    .     (no helmet)
rElec  .         Spirit   .     (no cloak)
rCorr  .         Warding  .     (no gloves)
rMut   .         Stasis   .     (no boots)
MR     .....                    (no amulet)
Stlth  ++........               (no ring)
                                (no ring)

@: not resistant to hostile enchantments, unstealthy
A: no striking features
a: Renounce Religion


You were on level 2 of the Dungeon.
You worshipped Sif Muna.
Sif Muna was noncommittal.
You were not hungry.

You visited 1 branch of the dungeon, and saw 2 of its levels.

You collected 109 gold pieces.

Inventory:

Hand weapons
 e - a +0 club
 r - a cursed -3 hunting sling (weapon)
 v - a +0 whip of venom
Missiles
 d - 58 stones (quivered)
 k - 14 bolts of flame
 l - 21 sling bullets
 n - 18 poisoned needles
 s - 16 bolts of frost
Armour
 a - a +0 robe (worn)
 f - a +0 robe
Scrolls
 p - a scroll of teleportation {unknown}
 u - a scroll of remove curse {unknown}
Potions
 g - a potion of agility
 j - 2 potions of curing
 o - a potion of brilliance {unknown}
 q - a potion of resistance {unknown}
 w - a potion of might {unknown}
Books
 c - a book of Conjurations

   Spells                             Type                      Level
   a - Magic Dart                     Conjuration                  1
   b - Searing Ray                    Conjuration                  2
   c - Dazzling Spray                 Conjuration/Hexes            3
   d - Fulminant Prism                Conjuration/Hexes            4
   e - Iskenderun's Mystic Blast      Conjuration                  4
   f - Iskenderun's Battlesphere      Conjuration/Charms           5
Comestibles
 b - 3 bread rations
 h - a royal jelly
 i - a meat ration
 t - 2 chunks of flesh


   Skills:
 + Level 0.2 Slings
 + Level 2.0 Dodging
 + Level 2.2 Stealth
 + Level 2.3 Spellcasting
 + Level 5.0 Conjurations


You had 6 spell levels left.
You knew the following spells:

 Your Spells              Type           Power        Failure   Level  Hunger
a - Magic Dart            Conj           ###.         2%          1    #......


Dungeon Overview and Level Annotations

Branches:
Dungeon (2/15)

Altars:
Kikubaaqudgha
Okawaru
Sif Muna
Zin


Message History

You shoot a stone. The stone barely misses the hound.
The hound barely misses you. x2
Firing (i - inventory. (,) - cycle):
d - 60 stones (quivered)
Press: ? - help, Shift-Dir - straight line, f/p - hound
Aim: a hound (almost dead, bleeding)
You shoot a stone. The stone closely misses the hound.
The hound bites you.
* * * LOW HITPOINT WARNING * * *
The hound bites you but does no damage.
Firing (i - inventory. (,) - cycle):
d - 59 stones (quivered)
Press: ? - help, Shift-Dir - straight line, f/p - hound
Aim: a hound (almost dead, bleeding)
You shoot a stone.
The stone hits the hound but does no damage.
The hound is almost dead.
The hound misses you.
As you read the scroll labeled NALYRPHI MIYP, it crumbles to dust.
It is a scroll of recharging.
You aren't carrying any rechargeable items.
The hound bites you.
You die...

##.#######
####' #.#
##. #.# #..
#.# #.. #.#
#.. #.# #..
#.# #..
##.######.#
###
#(...h@...#
#.#########
## #. #.
#######


You could see a hound (bleeding).

Vanquished Creatures
  2 adders (D:2)
  A worm (D:1)
  An ooze (D:2)
  2 giant cockroaches
  7 hobgoblins
  7 kobolds
  2 bats
  A giant gecko (D:1)
  A giant newt (D:1)
  4 goblins (D:2)
  2 rats
30 creatures vanquished.

Notes
Turn   | Place    | Note
--------------------------------------------------------------
     0 | D:1      | GenKras, the Human Conjurer, began the quest for the Orb.
     0 | D:1      | Reached XP level 1. HP: 13/13 MP: 3/3
   277 | D:1      | Reached XP level 2. HP: 19/19 MP: 0/5
  1152 | D:1      | Reached XP level 3. HP: 24/24 MP: 2/6
  1610 | D:2      | Found a glowing silver altar of Zin.
  1610 | D:2      | Found an ancient bone altar of Kikubaaqudgha.
  1611 | D:2      | Found an iron altar of Okawaru.
  1838 | D:2      | Reached skill level 5 in Conjurations
  2023 | D:2      | Found a deep blue altar of Sif Muna.
  2027 | D:2      | Became a worshipper of Sif Muna the Loreminder
  2143 | D:2      | Reached XP level 4. HP: 22/30 MP: 0/7
  2319 | D:2      | HP: 1/30 [hound (4)]
  2321 | D:2      | Slain by a hound

Action                   |  1- 3 |  4- 6 || total
-------------------------+-------+-------++-------
Melee: Unarmed           |     4 |       ||     4
       Club              |     3 |       ||     3
 Fire: Hunting sling     |     5 |    12 ||    17
 Cast: Magic Dart        |    83 |     9 ||    92
  Use: Scroll            |     3 |     1 ||     4
  Eat: Chunk             |     4 |       ||     4
       Beef jerky        |     1 |       ||     1
